 Dungeon Sprint DCSS version 0.28.0-53-g5a82cb258f (webtiles) character file.

Game seed: 18374808520093809200

93 Zeld the Magician (level 4, -16/24 HPs)
             Began as a Deep Elf Conjurer on May 29, 2022.
             Killed from afar by an oklob sapling (40 damage)
             ... with a splash of acid
             ... in the Dungeon (Sprint IV: "Fedhas' Mad Dash").
             The game lasted 00:00:38 (698 turns).

Zeld the Magician (Deep Elf Conjurer)                Turns: 698, Time: 00:00:39

Health: -16/24     AC:  2    Str:  4    XL:     4   Next: 37%
Magic:  15/15      EV: 12    Int: 25    God:
Gold:   19         SH:  0    Dex: 13    Spells: 4/18 levels left

rFire   . . .      SeeInvis .   (no weapon)
rCold   . . .      Faith    .   (no shield)
rNeg    . . .      Spirit   .   a - +0 robe
rPois   .          Reflect  .   (no helmet)
rElec   .          Harm     .   (no cloak)
rCorr   .          Rampage  .   (no gloves)
Will    .....      NoTele   +   (no boots)
Stlth   ++........              i - amulet of invisibility {+Inv}
HPRegen 0.08/turn               (no ring)
MPRegen 0.14/turn               (no ring)

@: no status effects
A: no striking features
a: Evoke Invisibility


You were in the Dungeon.
You visited 1 branch You collected 19 gold pieces.

Inventory:

Armour
 a - a +0 robe (worn)
Jewellery
 i - the amulet of invisibility (around neck) {+Inv}
   (You found it in the Dungeon)

   [amulet of nothing]

   +Inv:      It lets you turn invisible.
Scrolls
 g - a scroll of blinking
 h - a scroll of identify {unknown}
Potions
 b - a potion of curing
 c - a potion of heal wounds
 d - a potion of haste
 e - 2 potions of magic
 f - a potion of berserk rage


   Skills:
 - Level 2.4 Dodging
 + Level 3.2 Stealth
 * Level 7.9 Spellcasting
 * Level 7.7 Conjurations
 - Level 2.0 Hexes
 - Level 2.0 Translocations


You had 4 spell levels left.
You knew the following spells:

 Your Spells              Type           Power      Damage    Failure   Level
a - Magic Dart            Conj           100%       1d8       1%          1
b - Searing Ray           Conj           96%        2d7       1%          2
c - Fulminant Prism       Conj/Hex       17%        3d11      9%          4
d - Iskenderun's Mystic   Conj/Tloc      34%        2d8       9%          4
z - Dazzling Flash        Conj/Hex       68%        N/A       2%          3

Your spell library contained the following spells:

 Spells                   Type           Power      Damage    Failure   Level


Dungeon Overview and Level Annotations

Branches:
Dungeon (1/1)

Altars:

Annotations:
D exclusion: oklob sapling


Message History

Aim: an oklob sapling (100% to hit)
The searing ray hits the oklob sapling but does no damage. (Press . to maintain the ray.) Unknown command.
The searing ray hits the oklob sapling.
The oklob sapling is heavily damaged.
Unknown command.
Unknown command.
The searing ray hits the oklob sapling.
You destroy the oklob sapling!
Your Stealth skill increases to level 3!
Unknown command.
Unknown command.
You start resting.
Magic restored.
There is an open door here.
You start waiting.
Done waiting.
You start waiting.
Done waiting.
Found a scroll labelled REAZYVV GUDUPY and a gluggy blue potion.
Found the amulet of invisibility {+Inv}.
You now have 6 gold pieces (gained 2).
You now have 19 gold pieces (gained 13).
h - a scroll labelled REAZYVV GUDUPY
i - the amulet of invisibility {+Inv} You start putting on your amulet.
You continue putting on the amulet of invisibility {+Inv}. x5
You finish putting on the amulet of invisibility {+Inv}.
i - the amulet of invisibility (around neck) {+Inv} You start waiting.
You start waiting.
You open the door.
An oklob sapling comes into view.
Marking area around an oklob sapling as unsafe for travelling.
Found 21 gold pieces.
The oklob sapling spits acid at you. The splash of acid hits you!!!
Ouch! That really hurt!
You die...

##################
#<..P#.....#...$$#
#.P÷.'.....'.#.@.+
#P.PP#.....#.#...#
###############'##
... #$P$# #####


You could see an oklob sapling.

Vanquished Creatures
  A scorpion (D)
  An oklob sapling (D)
  A river rat (D)
  A rat (D)
4 creatures vanquished.

Vanquished Creatures (others)
  2 fungi (D)
2 creatures vanquished.

Grand Total: 6 creatures vanquished

Notes
Turn   | Place    | Note
-------+----------+-------------------------------------------
     0 | D        | Zeld the Deep Elf Conjurer began the quest for the Orb.
     0 | D        | Reached XP level 1. HP: 10/10 MP: 6/6
    19 | D        | Reached skill level 5 in Conjurations
    19 | D        | Reached skill level 1 in Hexes
    19 | D        | Reached skill level 1 in Translocations
    19 | D        | Reached XP level 2. HP: 15/15 MP: 0/9
    26 | D        | Learned a level 2 spell: Searing Ray
   209 | D        | Noticed a scorpion
   217 | D        | Killed a scorpion
   218 | D        | Reached XP level 3. HP: 12/19 MP: 2/13
   218 | D        | Reached XP level 4. HP: 15/24 MP: 2/15
   222 | D        | Learned a level 3 spell: Dazzling Flash
   227 | D        | Learned a level 4 spell: Fulminant Prism
   232 | D        | Learned a level 4 spell: Iskenderun's Mystic Blast
   556 | D        | Found the amulet of invisibility {+Inv}
   698 | D        | Killed from afar by an oklob sapling

Illustrated notes

Levels and vault maps discovered:
D:        dungeon_sprint_fedhas [sprint_temple]

Skill      XL: |  1  2  3  4 |
---------------+-------------+-----
Spellcasting   | 4 7 |  7.9
Conjurations   | 5 7 |  7.7
Hexes          | 1 2 |  2.0
Translocations | 1 2 |  2.0
Stealth        | 3 |  3.2
Dodging        | |  2.4

Action                   |  1- 3 |  4- 6 || total
-------------------------+-------+-------++-------
Melee: Unarmed           |     7 |       ||     7
 Cast: Magic Dart        |     7 |       ||     7
       Searing Ray       |     2 |     1 ||     3
Armor: Robe              |     2 |       ||     2
Dodge: Dodged            |     4 |       ||     4
